 Dungeon Crawl Stone Soup version 0.23.1-37-gaa34b87 (webtiles) character file.

Game seed: 1747683821703926230

7123 teukkam the Fighter (level 10, 0/136 HPs)
             Began as a Minotaur Fighter on Mar 22, 2019.
             Was a High Priest of Trog.
             Hit by a tomahawk thrown by an orc (3 damage)
             ... on level 11 of the Dungeon.
             The game lasted 00:33:38 (7861 turns).

teukkam the Fighter (Minotaur Fighter)              Turns: 7861, Time: 00:33:39

Health: 0/136      AC:  8    Str: 29    XL:     10   Next: 85%
Magic:  9/9        EV:  9    Int:  5    God:    Trog [*****.]
Gold:   523        SH: 15    Dex: 10    Spells: 9/9 levels left

rFire    . . .     SeeInvis .   a - +4 dagger (venom)
rCold    . . .     Gourm    .   u - +3 shield
rNeg     + . .     Faith    .   k - +0 scale mail
rPois    .         Spirit   .   (helmet restricted)
rElec    .         Reflect  .   h - scarf {repulsion}
rCorr    .         Harm     .   (no gloves)
MR       +....                  (no boots)
Stlth    ..........             i - amulet of regeneration
HPRegen  0.72/turn              L - ring of protection from magic
MPRegen  0.11/turn              K - ring of positive energy

@: berserking (expiring), very slightly contaminated, repel missiles, very quick
A: retaliatory headbutt, horns 2
a: Berserk, Trog's Hand, Brothers in Arms, Renounce Religion


You were on level 11 of the Dungeon.
You worshipped Trog.
Trog was extremely pleased with you.
You were hungry.

You visited 1 branch of the dungeon, and saw 11 of its levels.

You collected 523 gold pieces.

Inventory:

Hand Weapons
 a - a +4 dagger of venom (weapon)
 b - a +0 hunting sling of freezing
 c - a +2 mace of holy wrath
 j - a +0 war axe
 R - a +1 rapier of speed
 S - a +0 arbalest
 T - a +1 dagger of chaos
Missiles
 g - 10 poisoned needles
 l - 334 stones (quivered)
 A - 109 sling bullets
 Q - 2 poisoned tomahawks
Armour
 h - a scarf of repulsion (worn)
 k - a +0 scale mail (worn)
 u - a +3 shield (worn)
Magical Staves
 J - an uncursed staff of energy
Jewellery
 i - an amulet of regeneration (around neck)
 x - an uncursed ring of magical power
 y - an uncursed ring of see invisible
 K - a ring of positive energy (right hand)
 L - a ring of protection from magic (left hand)
Wands
 s - a wand of paralysis (11)
 F - a wand of flame (26)
Scrolls
 n - 3 scrolls of enchant armour
 r - 5 scrolls of remove curse {unknown}
 t - 10 scrolls of identify {unknown}
 w - 4 scrolls of magic mapping {unknown}
 D - 4 scrolls of immolation {unknown}
 G - 2 scrolls of teleportation {unknown}
 M - a scroll of random uselessness {unknown}
 P - a scroll of noise {unknown}
Potions
 d - 4 potions of might
 o - 6 potions of curing {unknown}
 q - a potion of haste {unknown}
 v - 2 potions of degeneration {unknown}
 z - 3 potions of resistance {unknown}
 C - a potion of flight {unknown}
 E - a potion of magic {unknown}
 H - 2 potions of heal wounds {unknown}
 I - a potion of mutation {unknown}
 N - a potion of brilliance {unknown}
Comestibles
 f - 8 rations
 m - 2 chunks of flesh


   Skills:
 + Level 9.6 Fighting
 - Level 3.1(6.2) Axes
 + Level 8.4(8.7) Maces & Flails
 + Level 7.6 Slings
 + Level 4.0 Crossbows
 + Level 9.6 Armour
 + Level 9.5 Shields


You had 9 spell levels left.
You didn't know any spells.
Your spell library contained the following spells:

 Spells                   Type           Power        Failure   Level  Hunger
 Animate Skeleton         Necr           N/A          90%         1    ##.....
 Apportation              Tloc           #.....       90%         1    ##.....
 Beastly Appendage        Tmut           #.....       90%         1    ##.....
 Confusing Touch          Hex            #.....       90%         1    ##.....
 Freeze                   Ice            #...         90%         1    ##.....
 Summon Small Mammal      Summ           #...         90%         1    ##.....
 Sticks to Snakes         Tmut           #.......     97%         2    ###....
 Throw Frost              Conj/Ice       #.....       97%         2    ###....
 Ozocubu's Armour         Chrm/Ice       #.......     99%         3    ####...
 Spider Form              Tmut/Pois      #.........   99%         3    ####...
 Ice Form                 Ice/Tmut       #.......     100%        4    #####..
 Summon Ice Beast         Ice/Summ       #.......     100%        4    #####..
 Throw Icicle             Conj/Ice       #.......     100%        4    #####..
 Blade Hands              Tmut           #.........   100%        5    ######.


Dungeon Overview and Level Annotations

Branches:
Dungeon (11/15)            Temple (0/1) D:7
   Lair: D:8-11         Orc: D:9-12

Altars:
Ashenzari
Cheibriados
Dithmenos
Elyvilon
Fedhas
Qazlal
Ru
Trog
Uskayaw
Vehumet
Yredelemnul
Zin
The Shining One

Shops:
D:6 *


Innate Abilities, Weirdness & Mutations

You reflexively headbutt those who attack you in melee.
You have a pair of horns on your head.


Message History

Trog accepts your kill.
The orc warrior hits you with a +0 glaive!
* * * LOW HITPOINT WARNING * * *
Found a stone staircase leading down.
You see here an orc corpse.
You hit the orc warrior. You headbutt the orc warrior!
The orc warrior is heavily wounded.
You puncture the orc warrior!
The orc warrior is poisoned.
The orc warrior is severely wounded.
The orc warrior hits you with a +0 glaive!!
* * * LOW HITPOINT WARNING * * *
You hit the orc warrior.
The orc warrior looks as sick as possible!
The orc warrior is almost dead.
You barely miss the orc warrior. You headbutt the orc warrior.
The orc warrior is almost dead.
You kill the orc warrior!
Trog accepts your kill.
The orc throws a tomahawk.
The tomahawk hits you.
You die...

# #. #..
#.#...####
#.[..o)@.+
#.#.(.####
#(> ...
###


You could see an orc.

Vanquished Creatures
  A centaur warrior (D:9)
  A two-headed ogre (D:8)
  An unseen horror (D:10)
  Psyche (D:9)
  Prince Ribbit (D:9)
  Sigmund (D:6)
  A wraith (D:8)
  4 yaks (D:9)
  Eustachio (D:5)
  Menkaure (D:4)
  A sky beast (D:5)
  3 orc warriors
  3 phantoms
  2 ice beasts
  An eye of draining (D:9)
  4 ogres
  2 centaurs
  A big kobold (D:8)
  7 bullfrogs
  A water moccasin zombie (D:5)
  3 scorpions
  11 killer bees
  2 wights (D:8)
  3 howler monkeys
  4 crimson imps
  3 hounds
  2 bullfrog zombies
  3 orc priests
  A centaur skeleton (D:7)
  A bullfrog skeleton (D:9)
  5 orc wizards
  Natasha (thrice) (D:3)
  2 iguanas (D:5)
  5 worker ants
  A killer bee zombie (D:6)
  A hound zombie (D:7)
  A hound skeleton (D:6)
  Robin (D:2)
  2 worker ant zombies
  8 gnolls
  6 adders
  2 shadow imps
  2 oozes
  3 worms
  2 dart slugs
  5 leopard geckos
  26 orcs
  2 ball pythons (D:2)
  6 giant cockroaches
  17 goblins
  10 hobgoblins
  12 jackals
  12 kobolds
  6 quokkas
  5 bats
  2 frilled lizards
  2 leopard gecko zombies
  A quokka zombie (D:6)
  6 rats
227 creatures vanquished.

Notes
Turn   | Place    | Note
-------+----------+-------------------------------------------
     0 | D:1      | teukkam the Minotaur Fighter began the quest for the Orb.
     0 | D:1      | Reached XP level 1. HP: 19/19 MP: 0/0
    48 | D:2      | Found a white marble altar of Elyvilon.
    53 | D:2      | Noticed Robin
    60 | D:2      | Reached XP level 2. HP: 25/27 MP: 1/1
    62 | D:2      | Found a basalt altar of Yredelemnul.
    68 | D:2      | Found a radiant altar of Vehumet.
    69 | D:2      | Found a shadowy altar of Dithmenos.
    70 | D:2      | Found a sacrificial altar of Ru.
    82 | D:2      | Found a bloodstained altar of Trog.
    83 | D:2      | Found a glowing golden altar of the Shining One.
    83 | D:2      | Found a glowing silver altar of Zin.
    96 | D:2      | Killed Robin
    96 | D:2      | Reached XP level 3. HP: 15/33 MP: 2/2
   397 | D:3      | Noticed Natasha
   557 | D:3      | Killed Natasha
   557 | D:3      | Reached XP level 4. HP: 41/41 MP: 3/3
   562 | D:3      | Reached skill level 1 in Maces & Flails
   566 | D:3      | Reached skill level 1 in Slings
   631 | D:3      | Noticed Natasha
   638 | D:3      | Killed Natasha
   708 | D:3      | Reached XP level 5. HP: 39/47 MP: 4/4
  1069 | D:3      | Noticed Natasha
  1074 | D:3      | Killed Natasha
  1129 | D:3      | Found a faded altar of an unknown god.
  1136 | D:3      | Became a worshipper of Trog the Wrathful
  1136 | D:3      | Reached * piety under Trog
  1147 | D:3      | Noticed a +0 hand axe
  1149 | D:3      | Noticed a +0 dagger
  2103 | D:2      | Reached ** piety under Trog
  2310 | D:2      | Reached skill level 5 in Shields
  2430 | D:3      | Reached skill level 5 in Fighting
  2487 | D:3      | Found a hide-covered altar of Uskayaw.
  2545 | D:4      | Noticed Menkaure
  2553 | D:3      | Reached XP level 6. HP: 20/56 MP: 5/5
  2613 | D:4      | Reached skill level 5 in Armour
  2771 | D:5      | Entered Level 5 of the Dungeon
  3192 | D:4      | Killed Menkaure
  3192 | D:4      | Reached XP level 7. HP: 62/62 MP: 6/6
  3798 | D:5      | Reached *** piety under Trog
  3803 | D:5      | Noticed Eustachio
  3826 | D:5      | Killed Eustachio
  3826 | D:5      | Reached XP level 8. HP: 70/71 MP: 7/7
  3924 | D:5      | You fall through a shaft for 2 floors!
  3975 | D:6      | Noticed Sigmund
  3984 | D:6      | Killed Sigmund
  3984 | D:6      | Reached skill level 5 in Maces & Flails
  4235 | D:5      | Found a snail-covered altar of Cheibriados.
  4349 | D:5      | Found a shattered altar of Ashenzari.
  4452 | D:5      | Found a stormy altar of Qazlal.
  4504 | D:5      | Reached skill level 5 in Slings
  4699 | D:7      | Found a staircase to the Ecumenical Temple.
  4984 | D:6      | Reached XP level 9. HP: 79/79 MP: 8/8
  4986 | D:6      | Found Surraibb's Superlative Supplies.
  5660 | D:7      | Reached **** piety under Trog
  6362 | D:8      | Received a gift from Trog
  6492 | D:8      | Noticed a two-headed ogre
  6504 | D:8      | Killed a two-headed ogre
  6504 | D:8      | Reached skill level 1 in Crossbows
  6506 | D:8      | Reached XP level 10. HP: 90/90 MP: 9/9
  6880 | D:9      | Noticed a centaur warrior
  6896 | D:9      | Killed a centaur warrior
  7135 | D:10     | Entered Level 10 of the Dungeon
  7208 | D:9      | Received a gift from Trog
  7293 | D:9      | Noticed Psyche
  7304 | D:9      | Killed Psyche
  7357 | D:9      | Noticed Prince Ribbit
  7367 | D:9      | Killed Prince Ribbit
  7413 | D:9      | Found a blossoming altar of Fedhas.
  7679 | D:10     | Killed an unseen horror
  7838 | D:10     | Reached ***** piety under Trog
  7859 | D:11     | HP: 2/136 [orc warrior/+0 glaive (19)]
  7861 | D:11     | Hit by a tomahawk thrown by an orc

Skill      XL: |  1  2  3  4  5  6  7  8  9 10 |
---------------+-------------------------------+-----
Fighting       | 4 5 6 7 8 9 |  9.6
Shields        | 4 5 6 7 8 9 |  9.5
Armour         | 4 5 6 7 8 9 |  9.6
Axes           | 3 |  3.1
Maces & Flails | 1 2 3 4 5 7 8 |  8.4
Slings         | 1 2 3 4 5 6 7 |  7.6
Crossbows      | 1 4 |  4.0

Action                   |  1- 3 |  4- 6 |  7- 9 | 10-12 || total
-------------------------+-------+-------+-------+-------++-------
Melee: War axe           |    26 |       |       |       ||    26
       Headbutt          |     6 |    20 |    56 |    27 ||   109
       Dagger            |    10 |   153 |   192 |   155 ||   510
       Mace              |       |     2 |    63 |     3 ||    68
 Fire: Hunting sling     |    11 |    25 |    84 |    28 ||   148
Throw: Stone             |       |       |     4 |       ||     4
Invok: Berserk           |       |     2 |     3 |     2 ||     7
Evoke: Wand              |       |       |     2 |     8 ||    10
  Use: Scroll            |       |       |       |     7 ||     7
  Eat: Chunk             |       |     5 |     7 |     3 ||    15
       Ration            |       |     1 |     2 |     1 ||     4
Armor: Scale mail        |    12 |    40 |    54 |    59 ||   165
Dodge: Dodged            |    17 |    44 |    71 |    42 ||   174
       Deflected         |       |       |     4 |     2 ||     6
Block: Shield            |    27 |    99 |   158 |   117 ||   401
